woodfighter, lawful female human Archeologist ------------- ------ -------------- |.|.........| |..<#| |..........^.| |...........| ###....(| |..*.........| ------ |...........| |..*.| |............| |....| ---------.-|- -.---- -.-.-.-------- |....| ------- ## ## ############ |.[..| |......# # # ### ### # |.....######|.....|### ###[######## ### # # ### |....| #.......# # ---|- ## # ### ### # --.--- |.....|# ## |..(| #### ### # # ### # --...--### #|...| # # # # ### % ### |*..| # #..).| ######### -.---- # ### # ----- ###|...| ##-----I-.-------- |....| ############## #+...| # |..............| |....| #--.----.-+----- ----- ### |...........>..| |.....#####|...).........| # |.............*| |....| |..............##################*########## |..............| |....| |.............| ---------------- ------ --------------- woodfighter the Investigator Experience level: 6 Strength: 14 Dexterity: 12 Constitution: 12 Intelligence: 12 Wisdom: 18 Charisma: 7 Health: 0(42) Energy: 19(19) Def: 4 Gold: 91 Moves: 2196 Dungeon seed: hn_-kTZeKEkFXaTs Game ID: woodfighter_1582364577 Your Inventory: Coins $ - 91 gold pieces Weapons c - a +2 bullwhip (alternate weapon; not wielded) v - 102 +0 darts (in quiver) B - a +2 elven dagger Armor e - an uncursed +0 leather jacket (being worn) n - an uncursed +0 fedora r - an uncursed +0 pair of high boots (being worn) K - an uncursed +0 orcish helm (being worn) Comestibles b - 5 uncursed food rations m - an uncursed lichen corpse t - 2 uncursed magic beans C - an uncursed tin of newt meat D - an uncursed tripe ration E - an uncursed orange Tools a - a +0 pick-axe (weapon in hand) s - an uncursed sack u - an uncursed towel w - an uncursed magic whistle Gems p - an uncursed worthless piece of violet glass q - an uncursed touchstone y - 2 uncursed worthless pieces of green glass z - an uncursed worthless piece of red glass F - an uncursed worthless piece of orange glass N - 2 uncursed worthless pieces of yellowish brown glass Y - an uncursed opal Contents of the sack: 1446 gold pieces 2 [uncursed] scrolls of destroy armor a [uncursed] scroll of identify a [uncursed] scroll of light 3 [uncursed] scrolls of magic mapping a [uncursed] scroll of punishment a [uncursed] scroll of remove curse 5 [uncursed] scrolls of scare monster a [uncursed] spellbook of remove curse a [uncursed] potion of healing a [uncursed] potion of invisibility a [uncursed] potion of paralysis a [uncursed] potion of see invisible an uncursed wand of create monster [0:14] a blessed wand of light (0:13) Spells and supernatural/magical abilities: Name Level Category Fail Memory W - pray for help -- divine ? -- Your skills at the end: Miscellaneous Skills wands [Basic] Weapon Skills pick-axe [Skilled] boomerang [Basic] whip [Basic] Spellcasting Skills Final Attributes: You were fervently aligned. You were cold resistant. Your writing hand was ok. You were telepathic. You were fast. You are dead. Vanquished creatures: a wolf a dog a dust vortex a rock piercer 2 gray oozes a puppy a floating eye 2 homunculi 2 iguanas 11 hill orcs 2 rothes 2 rabid rats 2 jitterbugs 4 dwarf zombies a hobbit an acid blob a gecko a hobgoblin 4 giant rats a yellow mold 3 gnomes 2 gnome zombies 4 jackals a fox a kobold 5 newts 2 goblins a sewer rat 5 grid bugs 5 lichens a kobold zombie 72 creatures vanquished. Voluntary challenges: You did not adorn yourself with jewelry or accessories. You did not cause conflict. You were not invisible. You did not have reflection. You were not displaced. You used a wielded weapon 179 times, starting on turn 51. You did not apply a unicorn horn. You did not use plumbed fixtures. You did not drink any magical draughts. You were illiterate. You never genocided any monsters. You never polymorphed an object. You never changed form. You used no wishes. You never split a pudding. You never wrote Elbereth's name. You never violated your personal moral code. Dungeon overview: The Dungeons of Doom: levels 1 to 8 Level 1 a fountain a long staircase Level 2 Level 3 Level 4 stairs to The Gnomish Mines Level 5 an altar to Huhetotl, some fountains, a sink Level 6 a bookstore Level 7 a fountain Level 8 <- You were here a sink The Gnomish Mines: Level 5 stairs to The Dungeons of Doom History has recorded: On T:1 you entered the Dungeons of Doom to retrieve the Amulet of Yendor! On T:172 you reached level 2 of The Dungeons of Doom. On T:351 you reached level 3 of The Dungeons of Doom. On T:396 you advanced to experience level 2. On T:415 you reached level 4 of The Dungeons of Doom. On T:483 you advanced to experience level 3. On T:806 you reached level 1 of The Gnomish Mines. On T:884 you reached level 5 of The Dungeons of Doom. On T:944 you advanced to experience level 4. On T:958 you reached level 6 of The Dungeons of Doom. On T:1240 you prayed to Quetzalcoatl. On T:1300 you advanced to experience level 5. On T:1401 you prayed to Quetzalcoatl. On T:1565 you reached level 7 of The Dungeons of Doom. On T:1611 you reached level 8 of The Dungeons of Doom. On T:1774 you advanced to experience level 6. On T:1996 you prayed to Quetzalcoatl. Score breakdown: Gold: 1537 ( 153 points) Experience: 6 levels ( 500 points) Exploration: 8 levels ( 210 points) Discoveries: 26 items ( 1300 points) Variety of kills: 31 monsters ( 1550 points) Major goal: (nothing yet) ( 0 points) Survival: died (score multiplied by 3) Total score: 11139 Latest messages: You have a little trouble lifting E - an orange. You have a little trouble lifting F - an orange gem. You see here a sack. The pony picks up an iron skull cap. The acid blob bumps right into you! An acid blob blocks your way. The dart misses the acid blob. The dart hits the acid blob. (3x) You kill the acid blob! The pony drops an iron skull cap. You have a little trouble lifting v - 4 uncursed darts (in quiver). The door resists! (4x) The door opens. You start chipping the statue. You hit the statue with all your might. The statue shatters. You see here 52 rocks. The pony picks up 52 rocks. The pony drops 52 rocks. You stop exploring. The homunculus bites! You are put to sleep! Something bites! (6x) You die... Final status: Goodbye woodfighter the Archeologist, killed by a homunculus, while sleeping... You died in The Dungeons of Doom on dungeon level 8 with 11139 points, and 1537 pieces of gold, after 2196 moves. You were level 6 with a maximum of 42 hit points when you died.